 Dungeon Crawl Stone Soup version 0.10.4 character file.

375 4tharraofdagon the Grave Robber (level 6, -2/41 HPs)
             Began as a Demonspawn Necromancer on Aug 3, 2013.
             Slain by a killer bee (4 damage)
             ... on Level 8 of the Dungeon.
             The game lasted 00:04:58 (549 turns).

4tharraofdagon the Grave Robber (DsNe)               Turns: 549, Time: 00:04:59

HP  -2/41        AC  7     Str  8      XL: 6   Next:  8%
MP   1/13        EV  8     Int 18      God:
Gold 72          SH  0     Dex 14      Spells:  4 memorised,  3 levels left

Res.Fire  : . . .   See Invis. : .   e - +0 short sword
Res.Cold  : . . .   Warding    : . . p - +2 elf ring mail
Life Prot.: . . .   Conserve   : .   (no shield)
Res.Acid. : . . .   Res.Corr.  : .   (helmet restricted)
Res.Poison: .       Clarity    : .   (no cloak)
Res.Elec. : .       Spirit.Shd : .   (no gloves)
Sust.Abil.: . .     Stasis     : .   (no boots)
Res.Mut.  : .       Ctrl.Telep.: .   (no amulet)
Res.Rott. : .       Levitation : .   (no ring)
Saprovore : . . .   Ctrl.Flight: .   (no ring)

@: quite poisoned, somewhat resistant to hostile enchantments, unstealthy
A: antennae 1, demonic guardian 1, magic resistance 1, slow healing 1
a: no special abilities


You were on level 8 of the Dungeon.
You were not hungry.

You visited 1 branch of the dungeon, and saw 6 of its levels.

You collected 52 gold pieces.

Inventory:

Hand weapons
 e - a +0,+0 short sword (weapon)
Missiles
 g - 3 poisoned +0 darts (quivered)
Armour
 a - a +0 robe
 p - a +2 elven ring mail (worn)
Magical devices
 n - a wand of fireball (7)
 o - a wand of random effects (2)
Comestibles
 c - a bread ration
 q - a chunk of elf flesh
Scrolls
 f - a scroll of summoning {unknown}
 i - 2 scrolls of teleportation {unknown}
 j - a scroll of identify {unknown}
 k - a scroll of enchant armour {unknown}
 l - a scroll of curse armour {unknown}
 m - a scroll of noise {unknown}
Potions
 h - a potion of restore abilities
Books
 b - a book of Necromancy

   Spells                             Type                      Level
   *Pain                              Necromancy                   1
   *Animate Skeleton                  Necromancy                   1
   Lethal Infusion                    Charms/Necromancy            2
   *Vampiric Draining                 Necromancy                   3
   *Regeneration                      Charms/Necromancy            3
   Animate Dead                       Necromancy                   4
   Control Undead                     Necromancy                   4


   Skills:
 - Level 1.7 Dodging
 - Level 1.7 Stealth
 + Level 3.4 Spellcasting
 * Level 7.8 Necromancy


You had 3 spell levels left.
You knew the following spells:

 Your Spells              Type           Power        Failure   Level  Hunger
a - Pain                  Necr           #####        1%          1    None
b - Vampiric Draining     Necr           #####.....   2%          3    Choko
c - Animate Skeleton      Necr           N/A          1%          1    None
d - Regeneration          Chrm/Necr      ####......   14%         3    Choko

Dungeon Overview and Level Annotations

Branches:
Dungeon (8/27)
 Temple: D:4-7          Orc: D:6-11        Lair: D:8-13

Altars:

Annotations
D:3 Ijyb


Innate Abilities, Weirdness & Mutations

You have a pair of small antennae on your head.
A weak demonic guardian rushes to your aid.
You are resistant to hostile enchantments.
You heal slowly.


Message History

You feel sick.
The killer bee stings you but does no damage.
* * * LOW HITPOINT WARNING * * *
You feel sick. The killer bee stings you.
* * * LOW HITPOINT WARNING * * *
Unknown command.
* * * LOW HITPOINT WARNING * * *
You feel sick.
The killer bee stings you but does no damage.
Unknown command.
Evoke which item? (* to show all) (? for menu, Esc to quit)
Zapping:
n - a wand of fireball {zapped: 4}
Press: ? - help, Shift-Dir - straight line, p - killer bee The fireball explodes!
The fireball engulfs the killer bee.
The killer bee is severely wounded.
The fireball engulfs the killer bee.
The killer bee is severely wounded.
* * * LOW HITPOINT WARNING * * *
You feel sick. The killer bee stings you.
You die...

##### #...####
###########.......
#.........#.......
#.........#...§z..
#@........#.#.#.##
###k........#.#...#
#..k..........######
#.#.........### #..
#.#.........# #.#
#.%.........###### #
#####..............#
#
#.......####.#.###.#
#.%..^..# #.#...


You could see 2 killer bees.

Vanquished Creatures
  A wyvern (D:8)
  2 killer bees (D:8)
  A worker ant (D:8)
  An adder (D:2)
  2 goblins (D:3)
  A hobgoblin (D:3)
  An ooze (D:3)
  2 bats
  A kobold (D:2)
  2 rats
14 creatures vanquished.

Vanquished Creatures (collateral kills)
  Duvessa (D:8)
  An elf skeleton (D:8)
  An orc skeleton (D:8)
3 creatures vanquished.

Vanquished Creatures (others)
  2 lemures (D:8)
  An ufetubus (D:8)
3 creatures vanquished.

Grand Total: 20 creatures vanquished

Notes
Turn   | Place    | Note
--------------------------------------------------------------
     0 | D:1      | 4tharraofdagon, the Demonspawn Necromancer, began the quest for the Orb.
     0 | D:1      | Reached XP level 1. HP: 13/13 MP: 3/3
    31 | D:2      | Reached XP level 2. HP: 10/19 MP: 1/4
   110 | D:3      | Noticed Ijyb
   203 | D:3      | Reached skill level 5 in Necromancy
   289 | D:5      | Entered Level 5 of the Dungeon
   392 | D:5      | You fall through a shaft!
   396 | D:8      | Gained mutation: You have a pair of small antennae on your head.
   396 | D:8      | Reached XP level 3. HP: 15/24 MP: 4/6
   398 | D:8      | Reached skill level 7 in Necromancy
   398 | D:8      | Reached XP level 4. HP: 12/30 MP: 5/9
   398 | D:8      | Gained mutation: You are resistant to hostile enchantments.
   398 | D:8      | Gained mutation: A weak demonic guardian rushes to your aid.
   398 | D:8      | Reached XP level 5. HP: 14/35 MP: 5/10
   406 | D:8      | Learned a level 3 spell: Vampiric Draining
   407 | D:8      | Noticed Duvessa
   408 | D:8      | Learned a level 1 spell: Animate Skeleton
   423 | D:8      | Killed Duvessa
   438 | D:8      | Learned a level 3 spell: Regeneration
   523 | D:8      | Your ally Duvessa died
   537 | D:8      | Reached XP level 6. HP: 18/41 MP: 9/13
   542 | D:8      | Gained mutation: You heal slowly.
   542 | D:8      | Gained mutation: Your muscles are flexible, but weak (Str -1, Dex +1).
   542 | D:8      | Lost mutation: Your muscles are flexible, but weak (Str -1, Dex +1).
   549 | D:8      | HP: 2/41 [poisoned by a killer bee]
   549 | D:8      | Slain by a killer bee
